 Dungeon Sprint DCSS version 0.22-a0-430-g6609fc6 (webtiles) character file.

37 raistware the Covert (level 3, -4/18 HPs)
             Began as a Spriggan Assassin on May 26, 2018.
             Was an Initiate of Dithmenos.
             Slain by a scorpion (7 damage)
             ... in the Dungeon (Sprint IX: "|||||||||||||||||||||||||||||").
             The game lasted 00:02:18 (202 turns).

raistware the Covert (Spriggan Assassin)             Turns: 202, Time: 00:02:19

Health: -4/18      AC:  3    Str:  7    XL:     3   Next: 23%
Magic:  4/4        EV: 19    Int: 15    God:    Dithmenos [......]
Gold:   0          SH:  0    Dex: 18    Spells: 2/2 levels left

rFire    . . .     SeeInvis +   r - +2 scimitar (flame)
rCold    . . .     Gourm    .   (shield restricted)
rNeg     . . .     Faith    .   c - +0 robe
rPois    .         Spirit   .   (helmet restricted)
rElec    .         Reflect  .   d - +0 cloak
rCorr    .         Harm     .   (gloves unavailable)
MR       .....     NoTele   +   (boots unavailable)
Stlth    +++++.....             (no amulet)
HPRegen  0.06/turn              s - +3 ring of intelligence
MPRegen  0.09/turn              t - +2 ring of evasion

@: lethally poisoned (-4 -> -14), very quick
A: very small, unfitting armour, see invisible, herbivore, speed 3, slow
metabolism 2
a: Renounce Religion


You were in the Dungeon.
You worshipped Dithmenos.
Dithmenos was noncommittal.
You were not hungry.

You visited 1 branch

Inventory:

Hand Weapons
 a - a +2 dagger
 b - a +0 blowgun
 q - a +2 rapier of venom
 r - a +2 scimitar of flaming (weapon)
Missiles
 e - 8 poisoned needles
 f - 2 curare-tipped needles
Armour
 c - a +0 robe (worn)
 d - a +0 cloak (worn)
Jewellery
 s - a +3 ring of intelligence (left hand)
 t - a +2 ring of evasion (right hand)
Wands
 p - a wand of iceblast (10)
Scrolls
 m - 2 scrolls of blinking
 n - 3 scrolls of remove curse
 o - 2 scrolls of amnesia
Potions
 h - 5 potions of curing
 i - 3 potions of heal wounds
 j - a potion of haste
 k - 4 potions of magic
 l - a potion of invisibility
Comestibles
 g - a ration


   Skills:
 - Level 1.5 Fighting
 + Level 3.3 Short Blades
 - Level 2.0 Throwing
 - Level 1.5 Dodging
 + Level 10.9 Stealth


You had 2 spell levels left.
You didn't know any spells.
Your spell library was empty.

Dungeon Overview and Level Annotations

Branches:
Dungeon (1/1)

Altars:
Cheibriados
Dithmenos
Elyvilon
Fedhas
Gozag
Hepliaklqana
Kikubaaqudgha
Makhleb
Nemelex Xobeh
Okawaru
Qazlal
Ru
Sif Muna
Trog
Uskayaw
Vehumet
Wu Jian
Xom
Yredelemnul
Zin
The Shining One
Beogh
Jiyva
Lugonu


Innate Abilities, Weirdness & Mutations

You are very small and have problems with some larger weapons.
You are too small for most types of armour.
You have supernaturally acute eyesight. (SInv)
You are a herbivore.
You cover ground extremely quickly.
You need to consume almost no food.


Message History

You open the door.
A quokka, a killer bee, a scorpion, a big kobold, an orc priest and a quasit come into view.
There is an open door to the Dungeon here.
The helpless scorpion fails to defend itself.
You hit the scorpion but do no damage. The scorpion misses you.
You closely miss the scorpion.
The orc priest shouts!
The quasit gives a chilling moan.
The big kobold shouts!
The scorpion stings you!
You are lethally poisoned!
The scorpion poisons you!
You hit the scorpion. You burn the scorpion.
The scorpion is lightly wounded.
You feel sick. The scorpion misses you. The scorpion stings you.
* * * LOW HITPOINT WARNING * * *
The orc priest begins to cast a cantrip, but forgets the words!
You hit the scorpion but do no damage.
The scorpion is lightly wounded.
* * * LOW HITPOINT WARNING * * *
You feel sick. The scorpion stings you!
You die...

▓.▓
▓|▓
▓)▓
▓[▓
▓[▓
▓[▓
▓.▓
▓.▓
▓@▓
▓s▓
▓o▓
▓5▓
▓r▓
▓y▓
▓K▓
▓+▓


You could see a big kobold, a scorpion, a killer bee, an orc priest, a quasit
and a quokka.

Vanquished Creatures
  An orc wizard (D)
  A worm (D)
  A leopard gecko (D)
  2 hobgoblins (D)
  2 jackals (D)
  2 frilled lizards (D)
  A jackal skeleton (D)
10 creatures vanquished.

Notes
Turn   | Place    | Note
-------+----------+-------------------------------------------
     0 | D        | raistware the Spriggan Assassin began the quest for the Orb.
     0 | D        | Reached XP level 1. HP: 10/10 MP: 2/2
     8 | D        | Reached skill level 6 in Stealth
    14 | D        | Reached skill level 7 in Stealth
    94 | D        | Noticed an orc wizard
    96 | D        | Reached skill level 8 in Stealth
   100 | D        | Reached XP level 2. HP: 14/14 MP: 3/3
   102 | D        | Reached skill level 9 in Stealth
   104 | D        | Reached skill level 10 in Stealth
   104 | D        | Reached XP level 3. HP: 18/18 MP: 4/4
   106 | D        | Found a roughly hewn altar of Beogh.
   106 | D        | Found a snail-covered altar of Cheibriados.
   106 | D        | Found a shadowy altar of Dithmenos.
   106 | D        | Found a white marble altar of Elyvilon.
   106 | D        | Found a blossoming altar of Fedhas.
   106 | D        | Found an opulent altar of Gozag.
   107 | D        | Found a hazy altar of Hepliaklqana.
   108 | D        | Found a viscous altar of Jiyva.
   109 | D        | Found an ancient bone altar of Kikubaaqudgha.
   110 | D        | Found a corrupted altar of Lugonu.
   111 | D        | Found a burning altar of Makhleb.
   112 | D        | Found a sparkling altar of Nemelex Xobeh.
   113 | D        | Found an iron altar of Okawaru.
   114 | D        | Found a stormy altar of Qazlal.
   115 | D        | Found a sacrificial altar of Ru.
   116 | D        | Found a deep blue altar of Sif Muna.
   117 | D        | Found a bloodstained altar of Trog.
   118 | D        | Found a hide-covered altar of Uskayaw.
   119 | D        | Found a radiant altar of Vehumet.
   120 | D        | Found an ornate altar of the Wu Jian Council.
   121 | D        | Found a shimmering altar of Xom.
   122 | D        | Found a basalt altar of Yredelemnul.
   123 | D        | Found a glowing silver altar of Zin.
   124 | D        | Found a glowing golden altar of the Shining One.
   155 | D        | Became a worshipper of Dithmenos the Shadowed
   197 | D        | Noticed a scorpion
   197 | D        | Noticed a killer bee
   197 | D        | Noticed a big kobold
   202 | D        | Slain by a scorpion

Vault maps used:
D:        linesprint

Skill      XL: |  1  2 |
---------------+-------+-----
Stealth        | 8 10 | 10.9
Short Blades   | 3 |  3.3
Fighting       | |  1.5
Throwing       | |  2.0
Dodging        | |  1.5

Action                   || total
-------------------------++-------
Melee: Dagger            ||    22
       Scimitar          ||     4
  Use: Potion            ||     1
 Stab: Sleeping          ||     6
Dodge: Dodged            ||    11

Table legend:
 A = Spawn XP
 B = Non-spawn XP
 C = Spawn XP percentage of total XP
 D = Spawn monster count
 E = Non-spawn monster count
 F = Spawn count percentage of total count
 G = Total turns spent on level
                    A         B        C        D         E        F      G
               +---------+---------+-------+---------+---------+-------+---------
         Total |       0 |      54 |   0.0 |       0 |      10 |   0.0 |   202
               +---------+---------+-------+---------+---------+-------+---------
             D |       0 |      54 |   0.0 |       0 |      10 |   0.0 |   202
               +---------+---------+-------+---------+---------+-------+---------
